 Dungeon Crawl Stone Soup version 0.28.0-53-g5a82cb258f (webtiles) character file.

Game seed: 15303114774644989740

244 issech the Chopper (level 5, -9/44 (47) HPs)
             Began as a Minotaur Monk on May 26, 2022.
             Mangled by a wight
             ... wielding a +0 long sword
              (11 damage)
             ... on level 4 of the Dungeon.
             The game lasted 00:08:55 (2658 turns).

issech the Chopper (Minotaur Monk)                  Turns: 2658, Time: 00:08:55

HP:   -9/44 (47)    AC:  8    Str: 16    XL:     5   Next: 83%
MP:   4/4           EV:  8    Int:  7    God:
Gold: 51            SH:  0    Dex: 14    Spells: 4/4 levels left

rFire   . . .      SeeInvis .   a - +5 hand axe "Zues" {protect, rC+}
rCold   + . .      Faith    .   (no shield)
rNeg    . . .      Spirit   .   G - +0 chain mail
rPois   .          Reflect  .   (helmet restricted)
rElec   .          Harm     .   (no cloak)
rCorr   .          Rampage  .   (no gloves)
Will    .....                   (no boots)
Stlth   ..........              (no amulet)
HPRegen 0.14/turn               (no ring)
MPRegen 0.09/turn               (no ring)

@: drained
A: horns 2, retaliatory headbutt
a: no special abilities


You were on level 4 of the Dungeon.
You visited 1 branch of the dungeon, and saw 4 of its levels.

You collected 51 gold pieces.

Inventory:

Hand Weapons
 a - the +5 hand axe "Zues" (weapon) {protect, rC+}
   (You took it off a hobgoblin on level 2 of the Dungeon)

   It grants its wielder temporary protection when it strikes (+7 to AC).
   rC:        It protects you from cold.
 h - a +0 hunting sling
 i - the +4 dagger of Wuluimoc {drain, Drain rElec rN+ Str+3}
   (You found it on level 3 of the Dungeon)

   A truly terrible weapon, it drains the life of any living foe it strikes.
   Str:       It affects your strength (+3).
   rElec:     It insulates you from electricity.
   rN:        It protects you from negative energy.
   Drain:     It drains your maximum health when unequipped.
 o - a +0 dagger
 s - a +0 war axe
 v - a +0 great sword of draining
Missiles
 b - 21 arrows
 c - 31 stones (quivered)
 m - 2 javelins
 p - 3 poisoned darts
 F - 2 boomerangs
Armour
 q - a +0 robe
 G - a +0 chain mail (worn)
Magical Staves
 f - a staff of fire
Scrolls
 j - 2 scrolls of vulnerability {unknown}
 k - 3 scrolls of identify {unknown}
 l - 2 scrolls of teleportation {unknown}
 n - a scroll of enchant weapon {unknown}
 r - a scroll of magic mapping {unknown}
 C - a scroll of summoning {unknown}
Potions
 d - a potion of attraction {unknown}
 e - 2 potions of invisibility
 g - a potion of heal wounds {unknown}
 t - a potion of brilliance {unknown}
 B - a potion of ambrosia {unknown}
 M - a potion of curing {unknown}


   Skills:
 + Level 4.6 Fighting
 + Level 0.3 Long Blades
 + Level 5.8 Axes
 + Level 0.2 Throwing
 + Level 2.0 Armour
 + Level 4.3 Dodging
 + Level 2.1 Stealth


You had 4 spell levels left.
You didn't know any spells.
Your spell library contained the following spells:

 Spells                   Type           Power      Damage    Failure   Level
 Shock                    Conj/Air       0%         1d3       100%        1
 Blink                    Tloc           0%         N/A       100%        2
 Swiftness                Air            0%         N/A       100%        3
 Airstrike                Air            0%         N/A       100%        4
 Manifold Assault         Tloc           0%         N/A       100%        5
 Storm Form               Tmut/Air       0%         N/A       100%        7


Dungeon Overview and Level Annotations

Branches:
Dungeon (4/15)
 Temple: D:4-7

Altars:


Innate Abilities, Weirdness & Mutations

You have a pair of horns on your head.
You reflexively headbutt those who attack you in melee.


Message History

Your headbutt misses the wight.
The wight is moderately damaged.
The wight closely misses you. The wight barely misses you.
You hit the wight.
The wight is severely damaged.
You slash the wight! You closely miss the wight.
The wight hits you with a +3 great sword!
You feel drained. The wight barely misses you.
The wight hits you with a +0 long sword.
The wight hits you but does no damage.
You closely miss the wight.
The wight is severely damaged.
You completely miss the wight. You hit the wight.
The wight hits you but does no damage. The wight barely misses you.
The wight hits you with a +0 long sword.
You feel drained. The wight hits you but does no damage.
You hit the wight.
The wight is almost destroyed.
You barely miss the wight. You closely miss the wight.
The wight hits you with a +3 great sword.
The wight hits you from afar with a +0 halberd.
You feel drained. The wight hits you but does no damage.
The wight barely misses you.
You closely miss the wight. You hit the wight.
You destroy the wight!
You hit the wight but do no damage. The wight barely misses you.
The wight hits you from afar with a +0 halberd!
* * * LOW HITPOINT WARNING * * *
You feel drained.
* * * LOW HITPOINT WARNING * * *
The wight closely misses you.
Your Armour skill increases to level 2!
The wight hits you but does no damage.
There is a stone staircase leading up here.
The wight closely misses you.
The wight hits you with a +0 long sword.
* * * LOW HITPOINT WARNING * * *
You closely miss the wight.
The wight hits you with a +0 long sword!
You die...

...#. ..# ....
##.# ...##
####..##
#..###......##
#..##........#
#..z).......#
#z.#........#
#z##<.z.....#
#@##..).....#
#..#.........#
#.###........#
#. #.....?...
.. ##.)......
... #..[.....
### ####..###
###


You could see 3 wights.

Vanquished Creatures
  An ice beast (D:3)
  A wight (D:4)
  An orc wizard (D:3)
  2 adders
  A worm (D:3)
  2 dart slugs
  7 orcs (D:3)
  3 ball pythons
  3 bats
  An endoplasm (D:1)
  2 giant cockroaches
  7 goblins
  6 hobgoblins
  7 kobolds
  4 quokkas
  A frilled lizard (D:2)
  4 rats
53 creatures vanquished.

Notes
Turn   | Place    | Note
-------+----------+-------------------------------------------
     0 | D:1      | issech the Minotaur Monk began the quest for the Orb.
     0 | D:1      | Reached XP level 1. HP: 19/19 MP: 0/0
   256 | D:1      | Reached XP level 2. HP: 22/27 MP: 1/1
   345 | D:1      | Found a faded altar of an unknown god.
   370 | D:1      | Reached skill level 4 in Axes
  1036 | D:2      | Reached XP level 3. HP: 29/33 MP: 2/2
  1116 | D:2      | Identified the +5 hand axe "Zues" {protect, rC+}
  1702 | D:3      | Reached XP level 4. HP: 37/40 MP: 3/3
  1758 | D:3      | Reached skill level 5 in Axes
  1834 | D:3      | Identified the +4 dagger of Wuluimoc {drain, Drain rElec
                  | rN+ Str+3}
  1914 | D:3      | Noticed an ice beast
  1930 | D:3      | Killed an ice beast
  1931 | D:3      | Reached skill level 1 in Armour
  1931 | D:3      | Reached XP level 5. HP: 47/47 MP: 4/4
  2656 | D:4      | HP: 2/44 [wight/+0 long sword (3)]
  2658 | D:4      | Mangled by a wight

Illustrated notes

Levels and vault maps discovered:
D:1:      dpeg_arrival_three_same_balls, layout_loops_ring,
          hellmonk_ecumenical_altar_blasted
D:2:      layout_rooms
D:3:      layout_loops_corners, grunt_decor_mini_mirrors
D:4:      layout_cave_pods, temple_statues, nicolae_ossuary_entry_monument,
          serial_bayou_pond_e, serial_bayou_pond_a

Skill      XL: |  1  2  3  4  5 |
---------------+----------------+-----
Axes           | 4 5 |  5.8
Fighting       | 4 |  4.6
Dodging        | 4 |  4.3
Armour         | 1 2 |  2.0
Stealth        | 2 |  2.1
Long Blades    | |  0.3
Throwing       | |  0.2

Action                   |  1- 3 |  4- 6 || total
-------------------------+-------+-------++-------
Melee: Hand axe          |    64 |    41 ||   105
       Headbutt          |    11 |     6 ||    17
       War axe           |     4 |       ||     4
       Punch             |     2 |       ||     2
       Great sword       |     7 |       ||     7
Throw: Stone             |     5 |     5 ||    10
 Stab: Sleeping          |     2 |       ||     2
Armor: Robe              |     3 |       ||     3
       Ring mail         |    11 |     1 ||    12
       Chain mail        |       |    20 ||    20
Dodge: Dodged            |    61 |    18 ||    79
